 Seeded DCSS version 0.28-a0-1159-g27aa881441 (webtiles) character file.

Game seed: 3047507878316767220 (custom seed)

5961 croobank the Cleaver (level 10, -7/184 HPs)
             Began as a Gnoll Cinder Acolyte on Dec 15, 2021.
             Was a High Priest of Ignis.
             Mangled by an angel (19 damage)
             ... on level 1 of the Abyss.
             The game lasted 01:04:00 (9406 turns).

croobank the Cleaver (Gnoll Cinder Acolyte)         Turns: 9406, Time: 01:04:01

Health: -7/184     AC: 25    Str: 15    XL:     10   Next: 84%
Magic:  19/19      EV:  2    Int: 14    God:    Ignis [*****.]
Gold:   706        SH:  0    Dex: 10    Spells: 12/21 levels left

rFire   + . .      SeeInvis .   a - +5 war axe (spect)
rCold   . . .      Faith    .   (no shield)
rNeg    . . .      Spirit   .   (armour currently unavailable)
rPois   +          Reflect  .   (helmet currently unavailable)
rElec   .          Harm     .   (cloak currently unavailable)
rCorr   .          Rampage  .   (gloves currently unavailable)
Will    .....      NoTele   +   (boots currently unavailable)
Stlth   ..........              (no amulet)
HPRegen 0.40/turn               Y - ring of poison resistance
MPRegen 0.16/turn               (no ring)

@: berserking, tree-form (expiring), glowing, very quick
A: stationary, stasis, torment immunity, boosted hp, (fangs 1), strong nose,
distributed training
a: Renounce Religion, Fiery Armour, Foxfire Swarm, Rising Flame


You were on level 1 of the Abyss.
You worshipped Ignis.
Ignis was extremely pleased with you.
You were a tree.
You visited 1 branch of the dungeon, and saw 10 of its levels.
You visited the Abyss 1 time.
You also visited: Ossuary.

You collected 763 gold pieces.
You spent 57 gold pieces at shops.

Inventory:

Hand Weapons
 a - a +5 spectral war axe (weapon)
 b - a +0 hunting sling
 c - a +3 dagger of chaos
 f - a +4 battleaxe of freezing
 i - a -1 hand axe of flaming
 r - a +2 whip of pain
 x - a +0 fustibalus
 R - a +2 flail of protection
 S - a +1 rapier of draining
 V - a +4 spear
Missiles
 g - 6 boomerangs
 k - 28 poisoned darts
 m - 219 stones
 q - 72 sling bullets
 O - 7 javelins
 Z - 5 curare-tipped darts (quivered)
Armour
 e - +1 steam dragon scales
 t - a +0 plate armour
 u - a +0 helmet (melded)
 z - the +0 helmet "Ufupn" {rPois rC- rCorr Str-2}
   (You took it off Robin on level 2 of the Dungeon)

   Str:       It affects your strength (-2).
   rC:        It makes you vulnerable to cold.
   rPois:     It protects you from poison.
   rCorr:     It protects you from acid and corrosion.
 A - a +0 pair of boots (melded)
 E - a +0 cloak (melded)
 Q - the +6 scale mail of Death's Door (melded) {rC+ rCorr Str+4}
   (You found it on level 5 of the Dungeon)

   Str:       It affects your strength (+4).
   rC:        It protects you from cold.
   rCorr:     It protects you from acid and corrosion.
Jewellery
 h - a ring of protection from cold
 F - an amulet of faith
 Y - a ring of poison resistance (left branch)
Wands
 w - a wand of iceblast (11)
 T - a wand of charming (9)
 W - a wand of paralysis (14)
Scrolls
 j - a scroll of acquirement {acquirement}
 l - 3 scrolls of blinking {blink, unknown}
 o - 2 scrolls of immolation
 p - 3 scrolls of identify {identify}
 s - a scroll of magic mapping {magic mapping, unknown}
 y - a scroll of holy word {holy word, unknown}
 D - 7 scrolls of teleportation {teleport, unknown}
 K - a scroll of silence {silence, unknown}
 U - a scroll of fear
 X - a scroll of amnesia
Potions
 d - 3 potions of curing {curing, unknown}
 n - a potion of berserk rage {berzerk rage}
 B - 2 potions of ambrosia {ambrosia, unknown}
 G - 3 potions of cancellation {cancellation, unknown}
 H - 3 potions of flight
 I - 5 potions of attraction {attraction, unknown}
 J - 2 potions of haste {haste}
 L - a potion of invisibility {invisibility, unknown}
 M - a potion of lignification
 P - a potion of brilliance {brilliance, unknown}


   Skills:
 + Level 8.7 Fighting
 + Level 5.6 Short Blades
 + Level 5.6 Long Blades
 + Level 8.7 Axes
 + Level 5.6 Maces & Flails
 + Level 5.6 Polearms
 + Level 5.6 Staves
 + Level 5.6 Slings
 + Level 5.6 Bows
 + Level 5.6 Crossbows
 + Level 5.6 Throwing
 + Level 5.6 Armour
 + Level 5.6 Dodging
 + Level 5.6 Stealth
 + Level 5.6 Shields
 + Level 5.6 Unarmed Combat
 + Level 6.3 Spellcasting
 + Level 4.6 Conjurations
 + Level 4.6 Hexes
 + Level 4.6 Summonings
 + Level 4.6 Necromancy
 + Level 4.6 Translocations
 + Level 4.6 Transmutations
 + Level 7.3 Fire Magic
 + Level 4.6 Ice Magic
 + Level 4.6 Air Magic
 + Level 4.6 Earth Magic
 + Level 4.6 Poison Magic
 + Level 6.2 Invocations
 + Level 5.6 Evocations


You had 12 spell levels left.
You knew the following spells:

 Your Spells              Type           Power      Damage    Failure   Level
a - Scorch                Fire           48%        2d7       1%          2
b - Beastly Appendage     Tmut           34%        N/A       2%          1
c - Wereblood             Tmut           17%        N/A       3%          2
d - Airstrike             Air            8%         N/A       22%         4

Your spell library contained the following spells:

 Spells                   Type           Power      Damage    Failure   Level
 Animate Skeleton         Necr           34%        N/A       2%          1
 Pain                     Necr           68%        1d7       2%          1
 Shock                    Conj/Air       68%        1d7       2%          1
 Conjure Flame            Conj/Fire      21%        6-21      3%          3
 Ignite Poison            Fire/Tmut/Pois 20%        N/A       4%          3
 Gell's Gravitas          Tloc           17%        N/A       7%          3
 Lesser Beckoning         Tloc           17%        N/A       7%          3
 Spider Form              Tmut/Pois      17%        N/A       7%          3
 Swiftness                Air            17%        N/A       7%          3
 Teleport Other           Tloc           17%        N/A       7%          3
 Vampiric Draining        Necr           17%        2d7       7%          3
 Sticky Flame             Conj/Fire      21%        2d4       13%         4
 Leda's Liquefaction      Hex/Erth       8%         N/A       22%         4
 Lee's Rapid Deconstruct  Erth           8%         3d8*      52%         5
 Statue Form              Tmut/Erth      11%        N/A       98%         6


Dungeon Overview and Level Annotations

Branches:
Dungeon (10/15)            Temple (0/1) D:7         Ossuary (visited)
   Lair: D:8-11         Orc: D:9-12

Altars:
Ashenzari
Gozag
Okawaru

Shops:
D:1 :   D:2 =   D:4 :   D:6 (   D:8 *   D:9 *

Annotations:
D:8 2 transporters, AttackTheMoon's ghost, novice HOMo; Grum
D:10 Sonja


Innate Abilities, Weirdness & Mutations

You are a tree.
Your roots penetrate the ground, keeping you stationary.
You cannot be teleported.
You are immune to unholy pain and torment.
Your maximum health is greatly increased.
Your equipment is partially melded.
((You have very sharp teeth.))
Your uncanny sense of smell can sniff out nearby items.
Your experience applies equally to all skills.


Message History

The foxfire hits the angel.
The angel is lightly wounded.
The foxfire hits the angel but does no damage.
The angel is lightly wounded.
The angel hits you but does no damage. x2
You hit the angel.
The angel is lightly wounded.
The foxfire hits the angel but does no damage.
The angel is lightly wounded.
The foxfire hits the angel.
The angel is lightly wounded.
The angel hits you but does no damage.
The angel hits you with a +3 whip of holy wrath.
* * * LOW HITPOINT WARNING * * *
The angel hits you with a +3 whip of holy wrath!!
* * * LOW HITPOINT WARNING * * *
The angel hits you but does no damage.
Okay, then.
You barely miss the angel.
The angel is lightly wounded.
Your +5 spectral war axe hits the angel.
You slice the angel!!
The angel is moderately wounded.
Your +5 spectral war axe closely misses the angel.
Your foxfire dissipates!
The angel hits you but does no damage. x4
You closely miss the angel.
The angel is moderately wounded.
Your +5 spectral war axe barely misses the angel.
Your transformation is almost over.
The angel hits you but does no damage. x2
You slash the angel!
The angel is heavily wounded.
Your +5 spectral war axe completely misses the angel.
The angel completely misses you. The angel hits you but does no damage.
You hit the angel. Your punch misses the angel.
The angel is heavily wounded.
Your +5 spectral war axe barely misses the angel.
The angel hits you with a +3 whip of holy wrath!!
You die...

## .. . . .#
# .###.# .##
.# ... . #..
.# #
#...#..#.# .
. #..#....#
.. .#
#...(A.#####
.#..# #.♣###
[ .... . .
#.#..#§. # .
.#
#####_..§#.
#. . #
##...# #.# .
###.##.. #..
#. ## . ...
. # . #. . #
..# .#..# #.
# #....


You could see an angel and a friendly +5 spectral war axe (summoned).

Vanquished Creatures
  A sixfirhy (Abyss:1)
  The ghost of scottley the Ruffian, a novice TrMo (D:5)
  Psyche (D:10)
  A troll (D:9)
  The ghost of SensoryNuts the Skirmisher, an amateur DsFi (D:5)
  A wraith (D:9)
  3 yaks (D:5)
  A steam dragon (D:7)
  3 water moccasins
  An orc warrior (D:9)
  2 black bears
  An ice beast (D:6)
  4 ogres
  2 hornet zombies
  A kobold brigand (D:8)
  8 scorpions
  2 bullfrogs
  A gnoll sergeant (D:8)
  A water moccasin zombie (D:5)
  A water moccasin skeleton (D:4)
  3 killer bees (D:8)
  5 wights (D:7)
  2 howler monkeys
  A bullfrog zombie (D:6)
  2 jellies
  6 orc priests
  A centaur skeleton (D:7)
  4 hounds
  A bullfrog skeleton (D:6)
  5 iguanas
  8 orc wizards
  A killer bee zombie (D:7)
  A hound zombie (D:5)
  3 hound skeletons
  8 mummies (Ossuary)
  A howler monkey zombie (D:9)
  Robin (D:2)
  8 gnolls
  7 adders
  A white imp (D:3)
  An ufetubus (D:5)
  2 adder skeletons (D:4)
  The ghost of Thraspic the Sneak, a weakling DgDe (D:5)
  The ghost of spaghetti the Sneak, a weakling DjDe (D:5)
  The ghost of Thraspic the Sneak, a weakling DgDe (D:5)
  3 dart slugs
  31 orcs
  7 endoplasms
  3 giant cockroaches
  A gnoll zombie (Ossuary)
  13 goblins
  15 hobgoblins
  3 jackals
  8 kobolds
  7 quokkas
  8 ball pythons
  9 bats
  5 frilled lizards
  3 hobgoblin zombies (Ossuary)
  A kobold zombie (Ossuary)
  3 orc zombies (Ossuary)
  5 rats
237 creatures vanquished.

Vanquished Creatures (others)
  12 foxfires (Abyss:1)
  4 plants (D:8)
16 creatures vanquished.

Grand Total: 253 creatures vanquished

Notes
Turn   | Place    | Note
-------+----------+-------------------------------------------
     0 | D:1      | croobank the Gnoll Cinder Acolyte began the quest for the
                  | Orb.
     0 | D:1      | Reached XP level 1. HP: 23/23 MP: 4/4
   270 | D:1      | Reached XP level 2. HP: 29/29 MP: 5/5
   279 | D:1      | Learned a level 2 spell: Scorch
   497 | D:1      | Learned a level 1 spell: Beastly Appendage
   500 | D:1      | Learned a level 2 spell: Wereblood
   645 | D:1      | Reached XP level 3. HP: 34/35 MP: 7/7
   830 | D:1      | Found Qehuiv's Book Shoppe.
   980 | D:2      | Found Ringib's Jewellery Shop.
  1014 | D:2      | Identified the +0 helmet "Ufupn" {rPois rC- rCorr Str-2}
  1014 | D:2      | Noticed Robin
  1024 | D:2      | Killed Robin
  1025 | D:2      | Reached skill level 1 in Invocations
  1029 | D:2      | Reached skill level 1 in Short Blades
  1029 | D:2      | Reached skill level 1 in Long Blades
  1029 | D:2      | Reached skill level 1 in Maces & Flails
  1029 | D:2      | Reached skill level 1 in Polearms
  1029 | D:2      | Reached skill level 1 in Staves
  1029 | D:2      | Reached skill level 1 in Slings
  1029 | D:2      | Reached skill level 1 in Bows
  1029 | D:2      | Reached skill level 1 in Crossbows
  1029 | D:2      | Reached skill level 1 in Throwing
  1029 | D:2      | Reached skill level 1 in Armour
  1029 | D:2      | Reached skill level 1 in Dodging
  1029 | D:2      | Reached skill level 1 in Stealth
  1029 | D:2      | Reached skill level 1 in Shields
  1029 | D:2      | Reached skill level 1 in Unarmed Combat
  1029 | D:2      | Reached skill level 1 in Evocations
  1102 | D:2      | Reached XP level 4. HP: 37/41 MP: 8/8
  1238 | D:2      | Found a faded altar of an unknown god.
  1814 | D:3      | Reached skill level 1 in Conjurations
  1814 | D:3      | Reached skill level 1 in Hexes
  1814 | D:3      | Reached skill level 1 in Summonings
  1814 | D:3      | Reached skill level 1 in Necromancy
  1814 | D:3      | Reached skill level 1 in Translocations
  1814 | D:3      | Reached skill level 1 in Transmutations
  1814 | D:3      | Reached skill level 1 in Ice Magic
  1814 | D:3      | Reached skill level 1 in Air Magic
  1814 | D:3      | Reached skill level 1 in Earth Magic
  1814 | D:3      | Reached skill level 1 in Poison Magic
  2036 | D:2      | Reached XP level 5. HP: 33/47 MP: 0/9
  2706 | D:3      | Reached XP level 6. HP: 45/53 MP: 2/10
  2914 | D:3      | HP: 1/53 [iguana (11)]
  3561 | D:4      | Found Yrowotah's Book Shop.
  3792 | D:4      | Reached XP level 7. HP: 60/60 MP: 1/12
  4036 | D:4      | Reached XP level 8. HP: 30/67 MP: 14/14
  4517 | D:5      | Entered Level 5 of the Dungeon
  4655 | D:5      | You fall into a shaft and drop 3 floors!
  4687 | D:8      | Found Iqonac's Hallowed Reliquary.
  4691 | D:8      | Noticed an angel
  4802 | D:8      | Found a sand-covered staircase.
  4806 | Ossuary  | Entered an ossuary
  5356 | D:6      | Reached XP level 9. HP: 72/72 MP: 12/16
  5488 | D:5      | Reached skill level 5 in Spellcasting
  5785 | D:5      | Found a runed translucent gate.
  5786 | D:5      | Found a runed translucent gate.
  5786 | D:5      | Found a runed translucent gate.
  5787 | D:5      | Noticed spaghetti's ghost (weakling DjDe)
  5788 | D:5      | Noticed SensoryNuts's ghost (amateur DsFi)
  5788 | D:5      | Noticed scottley's ghost (novice TrMo)
  5788 | D:5      | Noticed Thraspic's ghost (weakling DgDe)
  5788 | D:5      | Noticed Thraspic's ghost (weakling DgDe)
  6139 | D:5      | Found an iron altar of Okawaru.
  6355 | D:5      | Killed Thraspic's ghost
  6356 | D:5      | Killed spaghetti's ghost
  6362 | D:5      | Killed SensoryNuts's ghost
  6362 | D:5      | Killed Thraspic's ghost
  6363 | D:5      | Reached skill level 5 in Invocations
  6363 | D:5      | Killed scottley's ghost
  6385 | D:5      | Identified the +6 scale mail of Death's Door {rC+ rCorr
                  | Str+4}
  6583 | D:6      | Found a broken altar of Ashenzari.
  6583 | D:6      | Found an opulent altar of Gozag.
  6605 | D:6      | Reached XP level 10. HP: 76/80 MP: 13/18
  6766 | D:6      | Found Poamiwk's Weapon Shoppe.
  6870 | D:7      | Found a staircase to the Ecumenical Temple.
  6919 | D:7      | Reached skill level 5 in Short Blades
  6919 | D:7      | Reached skill level 5 in Long Blades
  6919 | D:7      | Reached skill level 5 in Maces & Flails
  6919 | D:7      | Reached skill level 5 in Polearms
  6919 | D:7      | Reached skill level 5 in Staves
  6919 | D:7      | Reached skill level 5 in Slings
  6919 | D:7      | Reached skill level 5 in Bows
  6919 | D:7      | Reached skill level 5 in Crossbows
  6919 | D:7      | Reached skill level 5 in Throwing
  6919 | D:7      | Reached skill level 5 in Armour
  6919 | D:7      | Reached skill level 5 in Dodging
  6919 | D:7      | Reached skill level 5 in Stealth
  6919 | D:7      | Reached skill level 5 in Shields
  6919 | D:7      | Reached skill level 5 in Unarmed Combat
  6919 | D:7      | Reached skill level 5 in Evocations
  7789 | D:8      | Found a transporter.
  7790 | D:8      | Noticed AttackTheMoon's ghost (novice HOMo)
  7795 | D:8      | Identified the +6 scale mail "Xita" {Slay+2 SInv}
  7807 | D:8      | Noticed Grum
  7849 | D:8      | Learned a level 4 spell: Airstrike
  7853 | D:8      | Found a transporter.
  7875 | D:8      | Identified a scroll of acquirement {acquirement}
  8880 | D:9      | Found Bewenaest's Serpentskin Sales.
  8897 | D:9      | Bought 6 curare-tipped darts for 57 gold pieces
  9302 | D:10     | Entered Level 10 of the Dungeon
  9302 | D:10     | Noticed Psyche
  9307 | D:10     | Killed Psyche
  9340 | D:10     | Noticed Sonja
  9352 | D:10     | Cast into level 1 of the Abyss (Sonja)
  9379 | Abyss:1  | Noticed a starcursed mass
  9383 | Abyss:1  | Found a corrupted altar of Lugonu.
  9388 | Abyss:1  | Noticed a sixfirhy
  9390 | Abyss:1  | Noticed an angel
  9395 | Abyss:1  | Killed a sixfirhy
  9406 | Abyss:1  | Mangled by an angel

Illustrated notes

Levels and vault maps discovered:
D:1:      dpeg_arrival_rooms_with_view, layout_basic, serial_shops, shop
D:2:      layout_basic, serial_shops, shop, hellmonk_ecumenical_altar_blasted,
          amcnicky_mini_rare_corridor_liquid, solitary_fountain,
          minmay_misc_feat_four_crosses, uniq_robin
D:3:      minmay_razor_zed, layout_loops_cross
D:4:      layout_rooms, serial_shops, kennysheep_little_box
D:5:      layout_gridville, kennysheep_okawaru_gauntlet,
          gammafunk_ghost_cemetery
D:6:      layout_rooms, gammafunk_temple_overflow_wave, serial_shops, shop
D:7:      layout_basic, minmay_temple_entry_mini_moons
D:8:      layout_basic, nicolae_ossuary_entry_plus,
          gammafunk_ghost_gnarly_gnolls, nicolae_good_shop
D:9:      layout_loops_ring, serial_co_window_serial, co_window_corner_a,
          co_window_paths_b, co_window_paths_a, co_window_corner_a,
          co_window_paths_a, co_window_broadway_b, co_window_broadway_c,
          co_window_broadway_b, co_window_of_opportunity_b,
          co_window_unsneaky_path_d, co_window_paths_d, co_window_4corner_b,
          glass_columns_b, glass_columns_a, glass_columns_b, guppyfry_shop_venom
D:10:     layout_roguey, eat_drink_and_be_merry_uskayaw, uniq_sonja,
          uniq_maurice, uniq_psyche
Abyss:1:  base: D:2, bh_abyss_xom_lugonu_altar

Skill      XL: |  1  2  3  4  5  6  7  8  9 10 |
---------------+-------------------------------+-----
Invocations    | 1 2 3 4 5 6 |  6.2
Short Blades   | 1 2 3 4 5 |  5.6
Long Blades    | 1 2 3 4 5 |  5.6
Maces & Flails | 1 2 3 4 5 |  5.6
Polearms       | 1 2 3 4 5 |  5.6
Staves         | 1 2 3 4 5 |  5.6
Slings         | 1 2 3 4 5 |  5.6
Bows           | 1 2 3 4 5 |  5.6
Crossbows      | 1 2 3 4 5 |  5.6
Throwing       | 1 2 3 4 5 |  5.6
Armour         | 1 2 3 4 5 |  5.6
Dodging        | 1 2 3 4 5 |  5.6
Stealth        | 1 2 3 4 5 |  5.6
Shields        | 1 2 3 4 5 |  5.6
Unarmed Combat | 1 2 3 4 5 |  5.6
Evocations     | 1 2 3 4 5 |  5.6
Spellcasting   | 3 4 5 6 |  6.3
Conjurations   | 1 2 3 4 |  4.6
Hexes          | 1 2 3 4 |  4.6
Summonings     | 1 2 3 4 |  4.6
Necromancy     | 1 2 3 4 |  4.6
Translocations | 1 2 3 4 |  4.6
Transmutations | 1 2 3 4 |  4.6
Ice Magic      | 1 2 3 4 |  4.6
Air Magic      | 1 2 3 4 |  4.6
Earth Magic    | 1 2 3 4 |  4.6
Poison Magic   | 1 2 3 4 |  4.6
Fighting       | 7 8 |  8.7
Axes           | 7 8 |  8.7
Fire Magic     | 6 7 |  7.3

Action                   |  1- 3 |  4- 6 |  7- 9 | 10-12 || total
-------------------------+-------+-------+-------+-------++-------
Melee: Hand axe          |    87 |   127 |       |       ||   214
       Bite              |     6 |    10 |    10 |     7 ||    33
       Headbutt          |     1 |     6 |    14 |     3 ||    24
       Kick              |       |     6 |     8 |     2 ||    16
       War axe           |       |     4 |   145 |    98 ||   247
       Punch             |       |     1 |     3 |     1 ||     5
 Fire: Hunting sling     |       |    13 |     3 |     6 ||    22
Throw: Dart              |       |       |       |     2 ||     2
 Cast: Scorch            |     4 |    32 |     9 |    12 ||    57
       Beastly Appendage |     3 |     5 |    11 |     1 ||    20
       Wereblood         |     2 |     1 |     5 |       ||     8
Invok: Foxfire Swarm     |       |       |       |     1 ||     1
  Use: Scroll            |       |     4 |     4 |     6 ||    14
       Potion            |       |       |     1 |     3 ||     4
 Stab: Distracted        |       |       |     2 |       ||     2
       Sleeping          |       |       |     4 |       ||     4
Armor: Robe              |     6 |       |       |       ||     6
       Steam dragon scal |    30 |    51 |    29 |       ||   110
       Ring mail         |     4 |       |       |       ||     4
       Scale mail        |       |       |     7 |    56 ||    63
       Skin              |       |       |       |    22 ||    22
Dodge: Dodged            |    47 |    64 |    60 |    41 ||   212

Table legend: (Time is in decaauts)
 A = Elapsed time spent in this place.
 B = Non-inter-level travel time spent in this place.
 C = Inter-level travel time spent in this place.
 D = Time resting spent in this place.
 E = Time spent auto-exploring this place.
 F = Levels seen in this place.
 G = Mean time per level.
                   A        B        C        D        E       F      G
               +--------+--------+--------+--------+--------+-----+--------+
         Total |   9407 |   9083 |    324 |   1450 |   5342 |  12 |  783.9 |
       Dungeon |   9070 |   8746 |    324 |   1445 |   5196 |  10 |  907.0 |
         Abyss |     52 |     52 |      0 |      0 |      0 |   1 |   52.0 |
       Ossuary |    284 |    284 |      0 |      5 |    146 |   1 |  284.0 |
               +--------+--------+--------+--------+--------+-----+--------+

Top non-repeatable levels by time:
     D:3: 1606 daAuts
     D:9: 1329 daAuts
     D:5: 1253 daAuts
     D:2: 975 daAuts
     D:4: 973 daAuts
     D:1: 962 daAuts
     D:8: 712 daAuts
     D:7: 661 daAuts
     D:6: 545 daAuts
 Ossuary: 284 daAuts
 Abyss:1: 52 daAuts
    D:10: 50 daAuts
